 Dungeon Crawl Stone Soup version 0.21.1-1-g345015f (webtiles) character file.

4422 inc the Unseen (level 10, -3/49 HPs)
             Began as a Felid Enchanter on Feb 28, 2018.
             Was a Priest of Sif Muna.
             Slain by a meliai
             ... wielding a +0 hand axe
              (8 damage)
             ... on level 14 of the Dungeon.
             The game lasted 00:42:53 (16639 turns).

inc the Unseen (Felid Enchanter)                   Turns: 16639, Time: 00:42:54

Health: -3/49      AC:  2    Str:  7    XL:     10   Next: 14%
Magic:  10/14      EV: 27    Int: 21    God:    Sif Muna [***...]
Gold:   577        SH:  0    Dex: 16    Spells: 6/13 levels left
                                        Lives:  0   Deaths: 3

rFire    . . .     SeeInvis +     - Unarmed
rCold    . . .     Gourm    .   (shield unavailable)
rNeg     . . .     Faith    .   (armour unavailable)
rPois    .         Spirit   .   (helmet unavailable)
rElec    .         Reflect  .   (cloak unavailable)
rCorr    .         Harm     .   (gloves unavailable)
MR       +....                  (boots unavailable)
Stlth    +++++++...             C - amulet of regeneration
HPRegen  0.56/turn              z - +3 ring of strength
MPRegen  0.14/turn              H - ring of wizardry

@: divine energy, quick
A: very small, no armour, no weapons or thrown items, stealth, claws 1, fangs 3,
see invisible, carnivore, speed 1, shaggy fur 2, slow metabolism 1, sharp paws
a: Stop Divine Energy, Channel Magic, Renounce Religion


You were on level 14 of the Dungeon.
You worshipped Sif Muna.
Sif Muna was most pleased with you.
You were full.

You visited 2 branches of the dungeon, and saw 15 of its levels.
You also visited: Ossuary.

You collected 577 gold pieces.

Inventory:

Jewellery
 h - a +3 ring of strength
 x - an uncursed amulet of guardian spirit
 y - an uncursed ring of fire
 z - a +3 ring of strength (left paw)
 C - an amulet of regeneration (around neck)
 D - a -3 ring of dexterity
 H - a ring of wizardry (right paw)
Wands
 r - a wand of enslavement (16)
 s - a wand of clouds (5)
 v - a wand of paralysis (9)
 F - a wand of random effects (15)
Scrolls
 c - 3 scrolls of amnesia {unknown}
 d - a scroll of random uselessness {unknown}
 g - 4 scrolls of magic mapping {unknown}
 i - 6 scrolls of teleportation {unknown}
 j - 10 scrolls of remove curse
 l - 2 scrolls of immolation {unknown}
 p - 3 scrolls of fog {unknown}
 t - 2 scrolls of noise {unknown}
 u - a scroll of enchant weapon {unknown}
 E - 4 scrolls of identify
 G - a scroll of enchant armour {unknown}
 I - a scroll of blinking {unknown}
Potions
 f - 3 potions of degeneration
 k - a potion of agility
 m - 2 potions of brilliance
 n - 4 potions of ambrosia
 q - a potion of haste
 A - 4 potions of flight {unknown}
Books
 a - a book of Maledictions

   Spells                             Type                      Level
   a - Corona                         Hexes                        1
   b - Ensorcelled Hibernation        Hexes/Ice                    2
   c - Confuse                        Hexes                        3
   d - Tukima's Dance                 Hexes                        3
   e - Dazzling Spray                 Conjuration/Hexes            3
 e - a book of Cantrips

   Spells                             Type                      Level
   a - Confusing Touch                Hexes                        1
   b - Animate Skeleton               Necromancy                   1
   c - Summon Small Mammal            Summoning                    1
   d - Apportation                    Translocation                1
 w - a book of Minor Magic

   Spells                             Type                      Level
   a - Magic Dart                     Conjuration                  1
   b - Blink                          Translocation                2
   c - Call Imp                       Summoning                    2
   d - Slow                           Hexes                        2
   e - Conjure Flame                  Conjuration/Fire             3
   f - Mephitic Cloud                 Conjuration/Poison/Air       3
 B - a book of Air

   Spells                             Type                      Level
   a - Shock                          Conjuration/Air              1
   b - Swiftness                      Charms/Air                   2
   c - Static Discharge               Conjuration/Air              3
   d - Airstrike                      Air                          4
   e - Lightning Bolt                 Conjuration/Air              5
Comestibles
 b - 18 rations


   Skills:
 - Level 8.6 Fighting
 - Level 11.0 Dodging
 + Level 15.8 Stealth
 - Level 7.7 Unarmed Combat
 - Level 2.0 Spellcasting
 - Level 9.1 Hexes
 - Level 4.6 Ice Magic


You had 6 spell levels left.
You knew the following spells:

 Your Spells              Type           Power        Failure   Level  Hunger
a - Corona                Hex            #####..      1%          1    #......
b - Ensorcelled Hibernat  Hex/Ice        ####..       1%          2    ##.....
c - Confusing Touch       Hex            #####.       1%          1    #......
d - Confuse               Hex            #####...     1%          3    ###....


Dungeon Overview and Level Annotations

Branches:
Dungeon (14/15)            Temple (1/1) D:5            Lair (0/6) D:9
    Orc: D:9-12      Vaults: D:13-14

Altars:
Ashenzari
Cheibriados
Dithmenos
Elyvilon
Fedhas
Gozag
Hepliaklqana
Kikubaaqudgha
Makhleb
Nemelex Xobeh
Okawaru
Qazlal
Ru
Sif Muna
Trog
Uskayaw
Vehumet
Wu Jian
Xom
Yredelemnul
Zin
The Shining One

Shops:
D:6 *   D:8 (   D:9 [

Annotations:
D:6 1 runed door, MenacingMecha's ghost, novice TeFE


Innate Abilities, Weirdness & Mutations

You cannot wear armour.
You are incapable of wielding weapons or throwing items.
Your paws allow you to move quietly. (Stealth)
You have sharp claws.
You have razor-sharp teeth.
You have supernaturally acute eyesight. (SInv)
You are carnivorous and can eat meat at any time.
You cover ground quickly.
You are covered in thick fur. (AC +2)
You have a slow metabolism.
Your sharp claws are effective at attacking unaware monsters.


Message History

Casting: Ensorcelled Hibernation
Confirm with . or Enter, or press ? or * to list all spells.
Aiming: Ensorcelled Hibernation
Press: ? - help, Shift-Dir - straight line, f/p - meliai
Aim: a meliai, wielding a hand axe and wearing a leather armour (chance to defeat MR: 60%)
The meliai resists with significant effort.
The meliai misses you. The meliai completely misses you.
The meliai hits you with a hand axe.
* * * LOW HITPOINT WARNING * * *
The meliai stings you.
* * * LOW HITPOINT WARNING * * *
You are lethally poisoned!
The meliai poisons you!
Okay, then.
You feel better.
The meliai calls down the wrath of its god upon you.
Something smites you!
* * * LOW HITPOINT WARNING * * *
The meliai hits you with a hand axe!
You die...

.....# ......#
.......##
........##
...%(....##
..........##
...........##
............##
........y.yy@##
..............##
..###..........##
##..........##
#...........##
##............###
#...)...........#
........####....##
......#≈#≈≈≈##...##


You could see 3 meliai.

Vanquished Creatures
  A hydra (D:9)
  2 centaur warriors
  4 two-headed ogres
  A troll (D:13)
  A meliai zombie (D:12)
  3 slime creatures (D:12)
  A hippogriff (D:11)
  11 yaks
  A wraith (D:11)
  Grum (D:8)
  A basilisk (D:12)
  A hungry ghost (D:12)
  A steam dragon (D:11)
  2 hell hounds (D:9)
  2 water moccasins
  An orc warrior (D:9)
  12 ice beasts
  3 sky beasts
  3 phantoms
  A black bear (D:11)
  7 ogres
  7 centaurs
  2 wolves (D:8)
  A crocodile (D:8)
  2 elf zombies (Ossuary)
  A big kobold (D:9)
  Blork the orc (D:4)
  7 bullfrogs
  7 scorpions
  A wyvern skeleton (D:14)
  13 killer bees
  A water moccasin skeleton (D:10)
  12 wights
  A howler monkey (D:4)
  4 crimson imps
  4 centaur zombies
  A human zombie (Ossuary)
  3 jellies
  2 quasits
  3 bullfrog zombies
  6 hounds
  4 orc priests
  10 orc wizards
  4 bullfrog skeletons
  A centaur skeleton (D:4)
  2 iguanas
  Natasha (twice) (D:2)
  6 worker ants
  2 big kobold zombies (Ossuary)
  A hound skeleton (D:4)
  2 mummies (Ossuary)
  9 adders
  3 shadow imps
  An ooze (D:1)
  An adder zombie (Ossuary)
  3 worms
  3 dart slugs
  8 leopard geckos
  41 orcs
  3 giant cockroaches
  7 goblins
  11 hobgoblins
  9 jackals
  3 quokkas
  3 ball pythons
  7 bats
  6 frilled lizards
  10 hobgoblin zombies (Ossuary)
  16 kobolds
  9 kobold zombies (Ossuary)
  A leopard gecko skeleton (D:6)
  8 orc zombies (Ossuary)
  A quokka skeleton (D:8)
  5 rats
  A rat zombie (Ossuary)
342 creatures vanquished.

Notes
Turn   | Place    | Note
-------+----------+-------------------------------------------
     0 | D:1      | inc the Felid Enchanter began the quest for the Orb.
     0 | D:1      | Reached XP level 1. HP: 7/7 MP: 4/4
    77 | D:1      | Reached XP level 2. HP: 5/11 MP: 4/6
   846 | D:2      | Noticed Natasha
  1061 | D:2      | Found a glowing golden altar of the Shining One.
  1062 | D:2      | Found a hide-covered altar of Uskayaw.
  1099 | D:2      | Learned a level 2 spell: Ensorcelled Hibernation
  1136 | D:2      | Found a blossoming altar of Fedhas.
  1234 | D:3      | Reached XP level 3. HP: 14/14 MP: 2/7
  1717 | D:2      | Found a faded altar of an unknown god.
  1905 | D:2      | Found a radiant altar of Vehumet.
  1946 | D:2      | Reached XP level 4. HP: 18/18 MP: 4/8
  2007 | D:2      | Found an ancient bone altar of Kikubaaqudgha.
  2148 | D:2      | Killed Natasha
  3245 | D:2      | Noticed Natasha
  3250 | D:2      | Killed Natasha
  3250 | D:2      | Reached XP level 5. HP: 21/21 MP: 4/9
  4059 | D:4      | Noticed Blork the orc
  4065 | D:4      | Killed Blork the orc
  4065 | D:4      | Reached skill level 5 in Dodging
  4067 | D:4      | Gained mutation: You are covered in thick fur. (AC +2) [Felid growth]
  4067 | D:4      | Reached XP level 6. HP: 24/24 MP: 1/10
  4140 | D:4      | Found a sand-covered staircase.
  4193 | Ossuary  | Entered an ossuary
  4200 | Ossuary  | Learned a level 1 spell: Confusing Touch
  4204 | Ossuary  | Learned a level 3 spell: Confuse
  4508 | Ossuary  | Reached skill level 1 in Fighting
  4946 | Ossuary  | Reached XP level 7. HP: 18/31 MP: 3/11
  5347 | D:4      | Found a snail-covered altar of Cheibriados.
  5541 | D:4      | Found a white marble altar of Elyvilon.
  5651 | D:4      | Reached skill level 5 in Stealth
  5789 | D:5      | Entered Level 5 of the Dungeon
  5843 | D:5      | Reached skill level 6 in Stealth
  6067 | D:4      | Found a stormy altar of Qazlal.
  6489 | D:4      | Reached skill level 7 in Stealth
  6686 | D:5      | Found a staircase to the Ecumenical Temple.
  6730 | Temple   | Entered the Ecumenical Temple
  6832 | Temple   | Became a worshipper of Sif Muna the Loreminder
  7051 | D:5      | Reached XP level 8. HP: 36/36 MP: 5/12
  7152 | D:5      | Reached skill level 5 in Hexes
  7152 | D:5      | Reached skill level 1 in Ice Magic
  7562 | D:5      | Found a shimmering altar of Xom.
  8011 | D:6      | Reached * piety under Sif Muna
  8126 | D:6      | Found a white marble altar of Elyvilon.
  8127 | D:6      | Found a runed door.
  8127 | D:6      | Noticed an angel
  8358 | D:6      | Noticed MenacingMecha's ghost (novice TeFE)
  8833 | D:6      | Found Xubeus's General Store.
  8881 | D:6      | Reached ** piety under Sif Muna
  9330 | D:6      | Found an opulent altar of Gozag.
  9527 | D:6      | Found a shattered altar of Ashenzari.
  9728 | D:6      | Reached XP level 9. HP: 33/39 MP: 5/13
 10153 | D:7      | Reached skill level 5 in Fighting
 10659 | D:7      | Reached skill level 8 in Stealth
 10770 | D:8      | Noticed Grum
 10808 | D:8      | Reached skill level 9 in Stealth
 10818 | D:8      | Killed Grum
 11012 | D:8      | Noticed a two-headed ogre
 11050 | D:8      | Killed a two-headed ogre
 11050 | D:8      | Reached skill level 11 in Stealth
 11259 | D:8      | Reached XP level 10. HP: 45/45 MP: 11/14
 11273 | D:8      | Reached skill level 12 in Stealth
 11277 | D:8      | Noticed a two-headed ogre
 11355 | D:8      | Killed a two-headed ogre
 11355 | D:8      | Reached skill level 13 in Stealth
 11812 | D:8      | Noticed a two-headed ogre
 11817 | D:8      | Killed a two-headed ogre
 11817 | D:8      | Reached skill level 14 in Stealth
 11948 | D:8      | Found Awegiss's Antique Weapon Shop.
 12267 | D:9      | Reached skill level 15 in Stealth
 12464 | D:9      | Found Wuril's Armour Shop.
 12597 | D:9      | Noticed a seven-headed hydra
 12618 | D:9      | HP: 2/45 [seven-headed hydra (7)]
 12618 | D:9      | Demolished by a seven-headed hydra
 12619 | D:9      | Reached XP level 9. HP: -14/41 MP: 9/13
 12662 | D:9      | Killed a seven-headed hydra
 12662 | D:9      | Reached XP level 10. HP: 45/45 MP: 9/14
 13000 | D:9      | Found a staircase to the Lair.
 13168 | D:9      | Found a shadowy altar of Dithmenos.
 13459 | D:9      | Found an ancient bone altar of Kikubaaqudgha.
 13636 | D:10     | Entered Level 10 of the Dungeon
 14182 | D:11     | Noticed a two-headed ogre
 14188 | D:11     | Killed a two-headed ogre
 15008 | D:12     | Reached *** piety under Sif Muna
 15113 | D:12     | Noticed a centaur warrior
 15129 | D:12     | Killed a centaur warrior
 15129 | D:12     | Reached XP level 11. HP: 35/50 MP: 7/15
 15141 | D:12     | Noticed a deep elf mage
 15319 | D:11     | Reached skill level 10 in Dodging
 15667 | D:13     | Noticed a centaur warrior
 15699 | D:13     | Shot with an arrow by a centaur warrior
 15700 | D:13     | Reached XP level 10. HP: -18/48 MP: 6/14
 15956 | D:12     | Noticed an orange demon
 16215 | D:12     | Mangled by a very large slime creature
 16216 | D:12     | Reached XP level 9. HP: -10/45 MP: 6/13
 16470 | D:13     | Noticed a troll
 16476 | D:13     | Noticed a centaur warrior
 16477 | D:13     | Killed a troll
 16493 | D:13     | Killed a centaur warrior
 16493 | D:13     | Reached XP level 10. HP: 31/49 MP: 11/14
 16548 | D:13     | Noticed a green ugly thing
 16548 | D:13     | Noticed an eight-headed hydra
 16553 | D:13     | Noticed a centaur warrior
 16639 | D:14     | Slain by a meliai

Skill      XL: |  1  2  3  4  5  6  7  8  9 10 11 |
---------------+----------------------------------+-----
Unarmed Combat | 2 3 4 6 7 |  7.7
Dodging        | 3 5 6 11 9 10 | 11.0
Fighting       | 3 4 5 7 8 |  8.6
Stealth        | 7 11 15 | 15.8
Hexes          | 8 9 |  9.1
Ice Magic      | 4 |  4.6
Spellcasting   | |  2.0

Action                   |  1- 3 |  4- 6 |  7- 9 | 10-12 || total
-------------------------+-------+-------+-------+-------++-------
Melee: Unarmed           |    76 |   238 |   277 |   353 ||   944
       Bite              |     3 |    11 |    19 |    35 ||    68
       Punch             |     1 |     5 |       |     7 ||    13
 Cast: Corona            |    20 |     4 |       |     1 ||    25
       Ensorcelled Hiber |    16 |    47 |   137 |   117 ||   317
       Confusing Touch   |       |     9 |    26 |    49 ||    84
       Confuse           |       |     8 |    13 |    11 ||    32
Invok: Divine Energy     |       |       |     1 |       ||     1
  Use: Scroll            |       |     3 |     5 |     3 ||    11
       Potion            |       |     1 |     1 |     6 ||     8
 Stab: Sleeping          |    21 |    34 |    82 |    83 ||   220
       Confused          |       |    14 |    21 |    39 ||    74
  Eat: Chunk             |     7 |     4 |    27 |    24 ||    62
       Ration            |       |     1 |       |       ||     1
Armor: Skin              |    13 |     4 |    11 |    11 ||    39
Dodge: Dodged            |    86 |   169 |   182 |   270 ||   707
